 Seeded DCSS version 0.25.1-2-g60ff931df9 (webtiles) character file.

Game seed: 12817636582 (custom seed)

12366 ThatOtherGuy53 the Thaumaturge (level 11, 0/54 HPs)
             Began as a Deep Elf Ice Elementalist on Nov 6, 2020.
             Was a Priest of Vehumet.
             Slain by a death yak (23 damage)
             ... on level 3 of the Lair of Beasts on Nov 7, 2020.
             The game lasted 01:16:42 (14239 turns).

ThatOtherGuy53 the Thaumaturge (DEIE)              Turns: 14239, Time: 01:16:42

Health: 0/54       AC: 10    Str:  8    XL:     11   Next: 61%
Magic:  3/29       EV: 18    Int: 21    God:    Vehumet [***...]
Gold:   735        SH:  0    Dex: 15    Spells: 14/34 levels left

rFire    + . .     SeeInvis .   v - +12 long sword of a ziggurat {freeze, rElec rF- rC+++ rN+}
rCold    + + +     Gourm    .   (no shield)
rNeg     + . .     Faith    +   k - +1 leather armour {rF+}
rPois    .         Spirit   .   e - +1 hat {MR+}
rElec    +         Reflect  .   A - scarf {+Inv}
rCorr    .         Harm     .   u - +0 pair of gloves
MR       ++...                  (no boots)
Stlth    ++........             i - amulet of faith
HPRegen  0.18/turn              y - +4 ring of protection
MPRegen  0.21/turn              p - ring of protection from fire

@: about to teleport, frozen ramparts
A: no striking features
a: Renounce Religion, Evoke Invisibility


You were on level 3 of the Lair of Beasts.
You worshipped Vehumet.
Vehumet was most pleased with you.
You were not hungry.

You visited 4 branches of the dungeon, and saw 16 of its levels.

You collected 735 gold pieces.

Inventory:

Hand Weapons
 v - the +12 long sword of a ziggurat (weapon) {freeze, rElec rF- rC+++ rN+}
   (You found it on level 4 of the Dungeon)

   It has been specially enchanted to freeze those struck by it, causing extra
   injury to most foes and up to half again as much damage against particularly
   susceptible opponents.
   It can also slow down cold-blooded creatures.
   It makes you vulnerable to fire.
   It renders you almost immune to cold.
   It insulates you from electricity.
   It protects you from negative energy.
Missiles
 f - 13 javelins (quivered)
 B - a throwing net
Armour
 e - a +1 hat of magic resistance (worn)
 k - a +1 leather armour of fire resistance (worn)
 u - a +0 pair of gloves (worn)
 A - a scarf of invisibility (worn)
Jewellery
 i - an amulet of faith (around neck)
 p - a ring of protection from fire (right hand)
 x - an uncursed ring of ice
 y - a +4 ring of protection (left hand)
 I - an uncursed ring of flight
Wands
 g - a wand of paralysis (6)
 z - a wand of polymorph (3)
 C - a wand of disintegration (13)
 D - a wand of random effects (9)
Scrolls
 a - 2 scrolls of enchant weapon
 b - 8 scrolls of remove curse
 j - 7 scrolls of teleportation
 m - 5 scrolls of enchant armour
 o - 2 scrolls of fog
 r - 5 scrolls of fear
Potions
 d - 3 potions of flight
 h - a potion of cancellation
 l - 2 potions of mutation
 n - 7 potions of curing
 q - 7 potions of brilliance
 s - 4 potions of ambrosia
 t - a potion of resistance
 E - a potion of berserk rage {unknown}
 F - a potion of might {unknown}
 G - a potion of heal wounds
Comestibles
 c - 33 rations


   Skills:
 + Level 10.9 Dodging
 - Level 2.4 Stealth
 + Level 12.0 Spellcasting
 + Level 6.5 Conjurations
 - Level 7.0 Summonings
 * Level 3.7 Translocations
 - Level 9.0 Ice Magic
 - Level 3.0 Air Magic
 - Level 3.0 Poison Magic
 * Level 5.5 Evocations


You had 14 spell levels left.
You knew the following spells:

 Your Spells              Type           Power        Failure   Level  Hunger
a - Freeze                Ice            ####         1%          1    None
b - Frozen Ramparts       Ice            ######       1%          3    None
c - Summon Ice Beast      Ice/Summ       #####...     2%          4    None
d - Blink                 Tloc           N/A          2%          2    None
e - Mephitic Cloud        Conj/Pois/Air  ####....     1%          3    None
f - Hailstorm             Conj/Ice       #####...     1%          4    None
g - Dazzling Flash        Conj/Hex       ####..       1%          3    None

Your spell library contained the following spells:

 Spells                   Type           Power        Failure   Level  Hunger
 Inner Flame              Hex/Fire       ##......     6%          3    None
 Magic Dart               Conj           ####         1%          1    None
 Call Imp                 Summ           #####...     1%          2    None
 Conjure Flame            Conj/Fire      ####....     1%          3    None
 Ozocubu's Armour         Chrm/Ice       ####....     3%          3    None
 Animate Skeleton         Necr           N/A          8%          1    None
 Pain                     Necr           ##..         8%          1    None
 Slow                     Hex            ##......     12%         2    None
 Vampiric Draining        Necr           ##........   22%         3    None
 Animate Dead             Necr           N/A          58%         4    None
 Agony                    Necr           ##......     91%         5    ####...


Dungeon Overview and Level Annotations

Branches:
Dungeon (11/15)            Temple (1/1) D:7            Lair (3/6) D:9
    Orc (1/2) D:9
  Swamp: Lair:2-4    Shoals: Lair:2-4     Snake: Lair:2-4    Spider: Lair:2-4

Altars:
Ashenzari
Cheibriados
Dithmenos
Elyvilon
Fedhas
Gozag
Hepliaklqana
Kikubaaqudgha
Makhleb
Nemelex Xobeh
Okawaru
Qazlal
Ru
Sif Muna
Trog
Uskayaw
Vehumet
Wu Jian
Xom
Yredelemnul
Zin
The Shining One

Shops:
D:5 [

Annotations:
Lair:3 exclusion: oklob plant


Message History

Your Spellcasting skill increases to level 12!
The wall freezes the death yak.
The death yak gores your ice beast!!
Your ice beast hits the death yak.
Your ice beast freezes the death yak!!
The wall freezes the death yak.
The death yak gores your ice beast!
Your ice beast dies!
The frozen ramparts melt away.
The death yak gores your ice beast!
Your ice beast hits the death yak but does no damage.
Casting: Frozen Ramparts (safe; 1% risk of failure)
Confirm with . or Enter, or press ? or * to list all spells.
The walls around you are covered in ice.
Your ice beast hits the death yak but does no damage.
The wall freezes the death yak!
The death yak gores your ice beast!
The wall freezes the death yak!
The death yak gores you!
The wall freezes the death yak!
As you read the scroll of teleportation, it crumbles to dust.
You feel strangely unstable.
Your ice beast hits the death yak.
Your ice beast freezes the death yak!
The wall freezes the death yak!
The death yak gores your ice beast but does no damage.
The wall freezes the death yak!
The death yak gores you!!
You die...

....÷##†....................
.##..†.#.............P......
.###....####.P...........P#
.###...#.# ###...........#
÷.###...### #.........[#
÷.###8.>..# ##......P...#
..##....### #...†.P....#
÷####..## ##P..YY...##
..##...# ###@YYY.#.#
.#..[.## ##.####Y# .....##
.######.Y######.# ....#.#
........YY....... ....###
................. ..###
...$............. .##
................. .
....#.##......#P# . #..#..
##.....# #


You could see 4 death yaks and a friendly ice beast (summoned).

Vanquished Creatures
  A death yak (Lair:3)
  A black mamba (Lair:1)
  2 spiny frogs
  A komodo dragon (Lair:2)
  A blink frog (Lair:3)
  3 hippogriffs
  A wyvern (Lair:3)
  13 yaks
  2 chaos spawn (D:11)
  Duvessa (D:5)
  4 water moccasins
  A nameless horror (D:5)
  An ice beast (D:11)
  2 porcupines
  2 black bears (D:7)
  2 sky beasts (D:11)
  3 phantoms
  An orc warrior (D:11)
  4 ogres
  5 wolves
  A centaur (D:11)
  6 crocodiles
  4 bullfrogs
  3 scorpions
  5 killer bees (D:7)
  4 electric eels (D:9)
  A howler monkey (D:8)
  3 bullfrog zombies
  2 crimson imps
  2 centaur zombies
  3 orc priests
  A centaur skeleton (D:11)
  7 hounds
  2 jellies
  A bullfrog skeleton (D:10)
  4 orc wizards
  Terence (D:2)
  An iguana (D:4)
  Natasha (thrice) (D:3)
  3 worker ants
  2 hound skeletons
  A worker ant zombie (D:5)
  5 gnolls
  4 adders
  A shadow imp (D:9)
  2 oozes
  An adder skeleton (D:5)
  4 worms
  3 leopard geckos
  26 orcs
  2 ball pythons (D:4)
  8 bats
  3 giant cockroaches (D:1)
  7 hobgoblins
  2 jackals (D:11)
  5 quokkas
  4 frilled lizards
  8 goblins
  A jackal zombie (D:4)
  7 kobolds
  9 rats
213 creatures vanquished.

Vanquished Creatures (collateral kills)
  Gastronok (D:8)
  A hydra (Lair:1)
  A death yak (Lair:3)
  A rime drake (Lair:1)
  A troll (D:9)
  3 blink frogs (Lair:3)
  Sigmund (D:5)
  3 yaks
  A phantom (D:4)
  2 centaurs
  An ogre (D:6)
  2 crocodiles (Lair:1)
  A bullfrog (Lair:1)
  A wyvern skeleton (D:6)
  Dowan (D:5)
  A howler monkey (D:8)
  A crimson imp (D:10)
  7 hounds
  A bullfrog skeleton (D:8)
  A centaur skeleton (D:9)
  Ijyb (D:5)
  A worker ant (D:6)
  A hound skeleton (D:10)
  An adder (D:9)
  2 shadow imps
  An adder skeleton (D:7)
  A leopard gecko (D:10)
  An orc (D:6)
  A giant cockroach (D:3)
  A frilled lizard (D:3)
43 creatures vanquished.

Vanquished Creatures (others)
  3 fungi (Lair:2)
  2 plants (Lair:3)
5 creatures vanquished.

Grand Total: 261 creatures vanquished

Notes
Turn   | Place    | Note
-------+----------+-------------------------------------------
     0 | D:1      | ThatOtherGuy53 the Deep Elf Ice Elementalist began the
                  | quest for the Orb.
     0 | D:1      | Reached XP level 1. HP: 10/10 MP: 6/6
   199 | D:1      | Reached XP level 2. HP: 15/15 MP: 5/8
   914 | D:2      | Reached skill level 5 in Ice Magic
  1159 | D:2      | Reached XP level 3. HP: 19/19 MP: 8/10
  1172 | D:2      | Learned a level 3 spell: Frozen Ramparts
  1197 | D:2      | Noticed Terence
  1212 | D:2      | Killed Terence
  1281 | D:2      | Found a glowing golden altar of the Shining One.
  2278 | D:1      | Reached XP level 4. HP: 24/24 MP: 9/11
  2326 | D:1      | Learned a level 4 spell: Summon Ice Beast
  2523 | D:3      | Reached skill level 4 in Spellcasting
  2702 | D:3      | Reached skill level 1 in Summonings
  2925 | D:3      | Reached XP level 5. HP: 28/28 MP: 7/13
  3120 | D:3      | Noticed a centaur
  3131 | D:3      | Killed a centaur
  3567 | D:3      | Noticed Natasha
  3572 | D:3      | Killed Natasha
  3645 | D:3      | Noticed Natasha
  3650 | D:3      | Killed Natasha
  3650 | D:3      | Reached XP level 6. HP: 32/32 MP: 11/15
  3682 | D:3      | Noticed Natasha
  3690 | D:3      | Killed Natasha
  3866 | D:4      | Reached skill level 5 in Spellcasting
  4470 | D:4      | Found a sparkling altar of Nemelex Xobeh.
  4503 | D:4      | Got a bloodstained long sword
  4504 | D:4      | Identified the +12 long sword of a ziggurat {freeze, rElec
                  | rF- rC+++ rN+} (You found it on level 4 of the Dungeon)
  4644 | D:4      | Reached XP level 7. HP: 36/36 MP: 12/17
  5011 | D:5      | Entered Level 5 of the Dungeon
  5044 | D:5      | Found Exzil's Antique Armour Emporium.
  5167 | D:5      | Noticed Sigmund
  5169 | D:5      | Noticed a nameless horror
  5172 | D:5      | Killed a nameless horror
  5206 | D:5      | Killed Sigmund
  5359 | D:5      | Reached skill level 5 in Dodging
  5365 | D:5      | Noticed Dowan
  5435 | D:5      | Noticed Ijyb
  5448 | D:5      | Killed Ijyb
  5650 | D:5      | Reached skill level 5 in Summonings
  5685 | D:5      | Found a shimmering blue altar of Sif Muna.
  5962 | D:5      | Noticed Duvessa
  5965 | D:5      | Killed Dowan
  5968 | D:5      | Killed Duvessa
  5968 | D:5      | Reached skill level 6 in Spellcasting
  6258 | D:6      | Found a sacrificial altar of Ru.
  6396 | D:6      | Reached XP level 8. HP: 41/41 MP: 16/19
  6587 | D:6      | Found a burning altar of Makhleb.
  6738 | D:6      | Found a blossoming altar of Fedhas.
  6830 | D:7      | Found a staircase to the Ecumenical Temple.
  6839 | Temple   | Entered the Ecumenical Temple
  7011 | Temple   | Became a worshipper of Vehumet
  7155 | D:7      | Reached skill level 7 in Spellcasting
  7429 | D:7      | Noticed a hippogriff
  7439 | D:7      | Killed a hippogriff
  7440 | D:7      | Reached skill level 8 in Spellcasting
  7509 | D:7      | Reached XP level 9. HP: 33/45 MP: 20/23
  7816 | D:7      | Reached * piety under Vehumet
  7816 | D:7      | Offered knowledge of Foxfire by Vehumet.
  7819 | D:7      | Learned a level 1 spell: Foxfire
  8211 | D:8      | Noticed Gastronok
  8240 | D:8      | Killed Gastronok
  8240 | D:8      | Reached skill level 10 in Spellcasting
  8249 | D:8      | Learned a level 3 spell: Mephitic Cloud
  8731 | D:8      | Learned a level 4 spell: Hailstorm
  8813 | D:9      | Reached skill level 1 in Poison Magic
  8815 | D:9      | Reached skill level 1 in Conjurations
  8815 | D:9      | Reached skill level 1 in Air Magic
  8998 | D:9      | Noticed a troll
  9005 | D:9      | Killed a troll
  9282 | D:9      | Found an iron altar of Okawaru.
  9285 | D:9      | Found a staircase to the Orcish Mines.
  9366 | D:9      | Reached XP level 10. HP: 39/50 MP: 26/26
  9692 | D:9      | Found a staircase to the Lair.
 10092 | Orc:1    | Entered Level 1 of the Orcish Mines
 10101 | D:10     | Entered Level 10 of the Dungeon
 10474 | D:10     | Offered knowledge of Searing Ray by Vehumet.
 10480 | D:10     | Reached ** piety under Vehumet
 11494 | D:11     | Found the +7 mace of Variability {chain chaos}
 11495 | D:11     | Found a shimmering altar of Xom.
 11512 | D:11     | Reached skill level 5 in Conjurations
 11522 | D:11     | Reached skill level 10 in Dodging
 11522 | D:11     | Reached skill level 11 in Spellcasting
 11931 | Lair:1   | Entered Level 1 of the Lair of Beasts
 12030 | Lair:1   | Reached skill level 1 in Evocations
 12127 | Lair:1   | Noticed a spiny frog
 12135 | Lair:1   | Killed a spiny frog
 12135 | Lair:1   | Offered knowledge of Dazzling Flash by Vehumet.
 12140 | Lair:1   | Learned a level 3 spell: Dazzling Flash
 12171 | Lair:1   | Noticed a seven-headed hydra
 12181 | Lair:1   | Killed a seven-headed hydra
 12306 | Lair:1   | Noticed a black mamba
 12316 | Lair:1   | Killed a black mamba
 12526 | Lair:1   | Reached XP level 11. HP: 54/54 MP: 25/28
 13368 | Lair:2   | Learned a level 2 spell: Blink
 13513 | Lair:2   | Reached *** piety under Vehumet
 13513 | Lair:2   | Reached skill level 1 in Translocations
 14016 | Lair:3   | Reached skill level 5 in Evocations
 14143 | Lair:3   | Noticed an oklob plant
 14187 | Lair:3   | Offered knowledge of Inner Flame by Vehumet.
 14199 | Lair:3   | Noticed a death yak
 14199 | Lair:3   | Noticed a death yak
 14199 | Lair:3   | Noticed a death yak
 14207 | Lair:3   | Noticed a death yak
 14207 | Lair:3   | Noticed a death yak
 14208 | Lair:3   | Noticed a death yak
 14219 | Lair:3   | Killed a death yak
 14231 | Lair:3   | Killed a death yak
 14231 | Lair:3   | Reached skill level 12 in Spellcasting
 14239 | Lair:3   | Slain by a death yak

Illustrated notes

Levels and vault maps discovered:
D:1:      dpeg_arrival_prison, layout_basic, st_stairs_14
D:2:      layout_rooms, tso_oasis_becter, uniq_terence
D:3:      cheibrodos_helix_gallery, layout_basic, first_ration,
          grunt_ministairs_2, kennysheep_generic_room_6, uniq_natasha
D:4:      layout_basic, nemelex_xobeh_ov_fountains_minmay
D:5:      layout_loops_ring, kennysheep_little_box, serial_shops, shop,
          uniq_ijyb, uniq_sigmund, uniq_duvessa
D:6:      layout_rooms, makhleb_heckhound_becter,
          nicolae_overflow_hidden_temple, nicolae_ru_sacrificial_ziggurat
D:7:      layout_basic, temple_pool_b, grunt_ogre_cave
D:8:      layout_cave_pools, uniq_gastronok
D:9:      layout_basic, okawaru_ov_weapons_minmay, erik_lair_island
D:10:     layout_cave_pools
D:11:     layout_roguey, minmay_guarded_unrand_variability
Temple:   eino_temple_rhombus
Lair:1:   layout_gridlike, grunt_forest_stairs_basic, minivault_23
Lair:2:   layout_roguey
Lair:3:   layout_cellular_growth, minmay_shoals_entry_lonely_mermaid,
          guppyfry_snake_entry_garden, gauntlet_entry_generic, minivault_27,
          minmay_lair_oklob_chamber, lemuel_fruit_tree, grunt_megastairs_5,
          serial_bayou_shore_b
Orc:1:    layout_diamond_mine, minmay_shop_mayhem

Skill      XL: |  1  2  3  4  5  6  7  8  9 10 11 |
---------------+----------------------------------+-----
Dodging        | 3 4 5 7 9 10 | 10.9
Ice Magic      | 5 6 8 9 |  9.0
Spellcasting   | 4 5 6 8 10 11 12 | 12.0
Summonings     | 1 2 4 5 6 7 |  7.0
Poison Magic   | 2 3 |  3.0
Conjurations   | 2 5 6 |  6.5
Air Magic      | 2 3 |  3.0
Evocations     | 2 5 |  5.5
Translocations | 3 |  3.7
Stealth        | |  2.4

Action                   |  1- 3 |  4- 6 |  7- 9 | 10-12 || total
-------------------------+-------+-------+-------+-------++-------
Melee: Unarmed           |     1 |       |       |       ||     1
       Dagger            |     3 |       |       |       ||     3
       Spear             |     5 |    11 |       |       ||    16
       Long sword        |       |     4 |    67 |    92 ||   163
Throw: Javelin           |       |       |       |     1 ||     1
 Cast: Freeze            |    36 |    34 |     5 |     3 ||    78
       Frozen Ramparts   |     2 |    16 |    23 |    39 ||    80
       Summon Ice Beast  |       |     8 |    25 |    36 ||    69
  Use: Scroll            |       |       |    18 |     7 ||    25
       Potion            |       |       |     1 |       ||     1
 Stab: Sleeping          |     5 |     1 |     3 |     5 ||    14
       Distracted        |       |       |     1 |       ||     1
  Eat: Chunk             |     1 |    10 |    16 |    13 ||    40
       Ration            |     1 |       |       |     1 ||     2
Armor: Robe              |     5 |     5 |     1 |       ||    11
       Leather armour    |       |       |    16 |    39 ||    55
Dodge: Dodged            |    37 |    36 |    86 |   109 ||   268
       Rpst.: Long sword |       |     2 |    19 |    30 ||    51
